[Event "22nd ETCC Women 2019"]
[Site "Batumi"]
[Date "2019.10.28"]
[Round "5.14"]
[White "Balajayeva, Khanim"]
[Black "Zimina, Olga"]
[Result "0-1"]
[ECO "B14"]
[WhiteElo "2368"]
[BlackElo "2397"]
[Annotator "NA"]
[PlyCount "84"]
[EventDate "2019.10.24"]
[EventType "team-tourn"]
[EventCountry "GEO"]
[SourceTitle "playchess.com"]
[Source "ChessBase"]
[SourceQuality "1"]
[WhiteTeam "Azerbaijan"]
[BlackTeam "Italy"]
[WhiteTeamCountry "AZE"]
[BlackTeamCountry "ITA"]
[TimeControl "40/5400+30:1800+30"]

1. e4 c6 2. d4 d5 3. exd5 cxd5 4. c4 Nf6 5. Nc3 g6 6. Qb3 Bg7 7. cxd5 O-O 8. Nge2 a5 9. g3 a4 10. Nxa4 Qxd5 11. Qxd5 Nxd5 12. Bg2 Nb4 13. Nb6 Nc2+ 14. Kd1 Nxa1 15. Nxa8 Nc6 16. Be3 Bf5 17. Nb6 Rd8 18. Bxc6 bxc6 19. Kd2 Nc2 20. Rc1 e5 21. g4 Nxe3 22. fxe3 Be4 23. Rc4 exd4 24. exd4 Bh6+ 25. Kc3 Bf3 26. Ng3 Bg7 27. b4 Bxg4 28. a4 Be6 29. Rxc6 Rxd4 30. Kc2 Rxb4 31. a5 Rb2+ 32. Kd3 Ra2 33. Rc5 Bf8 34. Rb5 Rxh2 35. Nf1 Ra2 36. Ne3 h5 37. Nbd5 h4 38. Nf6+ Kg7 39. Nfg4 h3 40. Rb1 Rxa5 41. Rh1 Bd6 42. Ke2 Ra3 0-1

[Event "22nd ETCC Women 2019"]
[Site "Batumi"]
[Date "2019.10.28"]
[Round "5.14"]
[White "Medic, Mirjana"]
[Black "Frisk, Ellinor"]
[Result "1/2-1/2"]
[ECO "A46"]
[WhiteElo "2163"]
[BlackElo "2227"]
[Annotator "NA"]
[PlyCount "90"]
[EventDate "2019.10.24"]
[EventType "team-tourn"]
[EventCountry "GEO"]
[SourceTitle "playchess.com"]
[Source "ChessBase"]
[SourceQuality "1"]
[WhiteTeam "Croatia"]
[BlackTeam "Sweden"]
[WhiteTeamCountry "CRO"]
[BlackTeamCountry "SWE"]
[TimeControl "40/5400+30:1800+30"]

1. d4 Nf6 2. Nf3 c5 3. e3 cxd4 4. exd4 d5 5. Bd3 Bg4 6. h3 Bh5 7. c3 Nc6 8. Nbd2 e6 9. O-O Bd6 10. Re1 Qc7 11. Nf1 O-O 12. Bg5 Nd7 13. Be2 Rfe8 14. Nh4 Bxe2 15. Qxe2 Rab8 16. Bd2 b5 17. Nf3 Nf6 18. Ne5 Ne4 19. Nxc6 Qxc6 20. Qd3 Rec8 21. Rec1 Qb7 22. Be3 h6 23. Nd2 Nxd2 24. Qxd2 b4 25. cxb4 Bxb4 26. Qe2 Bd6 27. Rxc8+ Rxc8 28. Rc1 Rxc1+ 29. Bxc1 Qb4 30. Qd2 Qc4 31. b3 Qc6 32. g3 Kf8 33. Bb2 Qa6 34. Bc1 Qc6 35. Bb2 Qa6 36. Bc1 Qb6 37. Qc3 Qb7 38. Bd2 Ke7 39. Qa5 Kd7 40. Qa4+ Ke7 41. Qa5 Kd7 42. Qa4+ Kd8 43. Ba5+ Ke7 44. Bd2 Kd8 45. Ba5+ Ke7 1/2-1/2

[Event "22nd ETCC Women 2019"]
[Site "Batumi"]
[Date "2019.10.28"]
[Round "5.15"]
[White "Sedina, Elena"]
[Black "Fataliyeva, Ulviyya"]
[Result "0-1"]
[ECO "C03"]
[WhiteElo "2294"]
[BlackElo "2368"]
[Annotator "NA RC"]
[PlyCount "80"]
[EventDate "2019.10.24"]
[EventType "team-tourn"]
[EventCountry "GEO"]
[SourceTitle "playchess.com"]
[Source "ChessBase"]
[SourceQuality "1"]
[WhiteTeam "Italy"]
[BlackTeam "Azerbaijan"]
[WhiteTeamCountry "ITA"]
[BlackTeamCountry "AZE"]
[TimeControl "40/5400+30:1800+30"]

1. e4 e6 2. d4 d5 3. Nd2 Be7 4. e5 c5 5. c3 Nc6 6. Ndf3 Qb6 7. Bd3 Nh6 8. Ne2 cxd4 9. cxd4 Nf5 10. O-O Bd7 11. Bxf5 exf5 12. Nf4 Be6 13. h4 Rc8 14. Rb1 Qd8 15. Nh5 g6 16. Ng7+ Kd7 17. Bg5 h6 18. Bxe7 Qxe7 19. b4 Kc7 20. Nxe6+ fxe6 21. Qa4 Kb8 22. Rfc1 Qd7 23. b5 Ne7 24. Qb4 Rxc1+ 25. Rxc1 Nc8 26. a4 Qd8 27. a5 g5 28. b6 axb6 29. axb6 gxh4 30. Kh1 Rg8 31. Rc7 h3 32. g3 f4 33. g4 Rxg4 34. Qc5 Nxb6 35. Re7 Nc8 36. Rh7 Rg2 37. Qb5 Nb6 38. Qf1 Qf8 39. Qb1 Qg8 40. Rxh6 Rh2+ 0-1

[Event "22nd ETCC Women 2019"]
[Site "Batumi"]
[Date "2019.10.28"]
[Round "5.16"]
[White "Mammadova, Gulnar"]
[Black "Movileanu, Daniela"]
[Result "1-0"]
[ECO "B27"]
[WhiteElo "2369"]
[BlackElo "2173"]
[Annotator "NA"]
[PlyCount "65"]
[EventDate "2019.10.24"]
[EventType "team-tourn"]
[EventCountry "GEO"]
[SourceTitle "playchess.com"]
[Source "ChessBase"]
[SourceQuality "1"]
[WhiteTeam "Azerbaijan"]
[BlackTeam "Italy"]
[WhiteTeamCountry "AZE"]
[BlackTeamCountry "ITA"]
[TimeControl "40/5400+30:1800+30"]

1. e4 c5 2. Nf3 g6 3. c3 d5 4. e5 Nc6 5. Bb5 Bg4 6. O-O Qb6 7. Bxc6+ Qxc6 8. d4 e6 9. h3 Bxf3 10. Qxf3 Ne7 11. Be3 c4 12. Nd2 h5 13. Bg5 Nf5 14. b3 cxb3 15. axb3 Be7 16. Bxe7 Nxe7 17. Qd3 O-O 18. Nf3 Rfc8 19. Rfc1 a5 20. g4 hxg4 21. hxg4 Kg7 22. Kg2 Qc7 23. Ng5 Nc6 24. Rh1 Rh8 25. f4 Ne7 26. Qe3 Rac8 27. f5 exf5 28. Nh7 f4 29. Qxf4 Ng8 30. Ng5 Rh6 31. Raf1 Rxh1 32. Rxh1 Nh6 33. Qf6+ 1-0

[Event "22nd ETCC Women 2019"]
[Site "Batumi"]
[Date "2019.10.28"]
[Round "5.16"]
[White "Cvitan, Ena"]
[Black "Bengtsson, Siv"]
[Result "0-1"]
[ECO "D86"]
[WhiteElo "2182"]
[BlackElo "2086"]
[Annotator "NA"]
[PlyCount "115"]
[EventDate "2019.10.24"]
[EventType "team-tourn"]
[EventCountry "GEO"]
[SourceTitle "playchess.com"]
[Source "ChessBase"]
[SourceQuality "1"]
[WhiteTeam "Croatia"]
[BlackTeam "Sweden"]
[WhiteTeamCountry "CRO"]
[BlackTeamCountry "SWE"]
[TimeControl "40/5400+30:1800+30"]

1. d4 Nf6 2. c4 g6 3. Nc3 d5 4. cxd5 Nxd5 5. e4 Nxc3 6. bxc3 Bg7 7. Bc4 c5 8. Ne2 Nc6 9. Be3 O-O 10. O-O Qc7 11. Rc1 b6 12. Qd2 Bb7 13. Bh6 Rad8 14. Bxg7 Kxg7 15. Qe3 e5 16. Bb5 Ne7 17. f4 exd4 18. cxd4 f5 19. dxc5 Bxe4 20. Ng3 Nd5 21. Qd4+ Nf6 22. Qe5 Qxe5 23. fxe5 Nd5 24. e6 Rf6 25. Bd7 bxc5 26. Rxc5 Ne7 27. Nxe4 fxe4 28. Re1 Rb8 29. Rc2 Nf5 30. Rce2 e3 31. g4 Ne7 32. Rxe3 Rf4 33. h3 Rb2 34. Rf1 Rbb4 35. Ra3 Kf6 36. Rxa7 Rxf1+ 37. Kxf1 Rb2 38. Ra3 Ke5 39. Re3+ Kd6 40. Re2 Rb1+ 41. Kf2 Rd1 42. a4 Rd3 43. Re3 Rd5 44. Ke2 Rc5 45. Ra3 Ra5 46. Rd3+ Ke5 47. Rb3 Kd6 48. Kd2 Ra7 49. Rd3+ Ke5 50. Kc3 h5 51. Kc4 hxg4 52. hxg4 g5 53. Kc5 Rc7+ 54. Kb6 Rc4 55. a5 Rb4+ 56. Kc7 Rxg4 57. Kd8 Ng6 58. e7 0-1

[Event "22nd ETCC Women 2019"]
[Site "Batumi"]
[Date "2019.10.28"]
[Round "5.17"]
[White "Socko, Monika"]
[Black "Milliet, Sophie"]
[Result "1-0"]
[ECO "E12"]
[WhiteElo "2417"]
[BlackElo "2400"]
[Annotator "NA"]
[PlyCount "103"]
[EventDate "2019.10.24"]
[EventType "team-tourn"]
[EventCountry "GEO"]
[SourceTitle "playchess.com"]
[Source "ChessBase"]
[SourceQuality "1"]
[WhiteTeam "Poland"]
[BlackTeam "France"]
[WhiteTeamCountry "POL"]
[BlackTeamCountry "FRA"]
[TimeControl "40/5400+30:1800+30"]

1. d4 Nf6 2. c4 e6 3. Nf3 b6 4. Bf4 Bb4+ 5. Nfd2 Nh5 6. Bg3 Nxg3 7. hxg3 c5 8. d5 Qe7 9. a3 Ba5 10. Qc2 h6 11. Nc3 O-O 12. e4 Ba6 13. O-O-O Bxc3 14. Qxc3 d6 15. Bd3 Nd7 16. f4 exd5 17. exd5 Rfe8 18. Ne4 b5 19. cxb5 Bb7 20. Rhe1 Rac8 21. Bc4 Nb6 22. g4 Qd7 23. g3 Nxc4 24. Qxc4 Qxg4 25. Nxd6 Rxe1 26. Rxe1 Qxg3 27. Re7 Qg1+ 28. Kd2 Rd8 29. Nxb7 Qg2+ 30. Re2 Rxd5+ 31. Kc2 Qg6+ 32. Qe4 Qh5 33. Rd2 Rxd2+ 34. Kxd2 Qh2+ 35. Kc3 Qg3+ 36. Kc4 Qf2 37. Nxc5 Qxb2 38. a4 Qa2+ 39. Kd4 h5 40. Qd5 Qf2+ 41. Ke5 h4 42. Ne4 Qe1 43. Kd6 Qb4+ 44. Kc7 Qxa4 45. Qd8+ Kh7 46. Qxh4+ Kg8 47. Qd8+ Kh7 48. Ng5+ Kg6 49. Qd3+ f5 50. Ne6 Qa5+ 51. Kd7 Qe1 52. Qd4 1-0

[Event "22nd ETCC Women 2019"]
[Site "Batumi"]
[Date "2019.10.28"]
[Round "5.17"]
[White "Machlik, Monika"]
[Black "Exler, Veronika"]
[Result "1/2-1/2"]
[ECO "D31"]
[WhiteElo "2159"]
[BlackElo "2222"]
[Annotator "NA"]
[PlyCount "75"]
[EventDate "2019.10.24"]
[EventType "team-tourn"]
[EventCountry "GEO"]
[SourceTitle "playchess.com"]
[Source "ChessBase"]
[SourceQuality "1"]
[WhiteTeam "Norway"]
[BlackTeam "Austria"]
[WhiteTeamCountry "NOR"]
[BlackTeamCountry "AUT"]
[TimeControl "40/5400+30:1800+30"]

1. d4 d5 2. c4 e6 3. Nc3 Bb4 4. cxd5 exd5 5. Nf3 Nf6 6. Qa4+ Nc6 7. Bg5 h6 8. Bxf6 Qxf6 9. e3 O-O 10. Be2 Rd8 11. O-O Be6 12. Ne5 Bxc3 13. Nxc6 Bd7 14. bxc3 Bxc6 15. Bb5 Bxb5 16. Qxb5 b6 17. Rac1 a6 18. Qb3 b5 19. a4 c6 20. Ra1 Rac8 21. Ra3 Rd6 22. Rfa1 Re8 23. Qb4 Qe6 24. Qc5 h5 25. Qb6 Qe4 26. Qc7 Rg6 27. g3 Rf6 28. Qd7 Ree6 29. h4 Rg6 30. axb5 cxb5 31. Rxa6 Rxg3+ 32. fxg3 Qxe3+ 33. Kg2 Qe2+ 34. Kg1 Qe3+ 35. Kg2 Qe2+ 36. Kg1 Qe3+ 37. Kg2 Qe2+ 38. Kg1 1/2-1/2

[Event "22nd ETCC Women 2019"]
[Site "Batumi"]
[Date "2019.10.28"]
[Round "5.18"]
[White "Trippold, Denise"]
[Black "Machlik, Edit"]
[Result "1-0"]
[ECO "E11"]
[WhiteElo "2180"]
[BlackElo "2062"]
[Annotator "NA"]
[PlyCount "51"]
[EventDate "2019.10.24"]
[EventType "team-tourn"]
[EventCountry "GEO"]
[SourceTitle "playchess.com"]
[Source "ChessBase"]
[SourceQuality "1"]
[WhiteTeam "Austria"]
[BlackTeam "Norway"]
[WhiteTeamCountry "AUT"]
[BlackTeamCountry "NOR"]
[TimeControl "40/5400+30:1800+30"]

1. d4 Nf6 2. c4 e6 3. Nf3 Bb4+ 4. Nbd2 d6 5. e3 O-O 6. a3 Bxd2+ 7. Qxd2 Nbd7 8. Be2 e5 9. Qc2 a5 10. b3 Qe7 11. Bb2 Re8 12. O-O exd4 13. Nxd4 Ne5 14. h3 Bd7 15. Rfd1 Nc6 16. Nb5 Rac8 17. Nc3 Ne5 18. Nd5 Nxd5 19. cxd5 c6 20. Rac1 cxd5 21. Qd2 Bc6 22. Qd4 Qf8 23. a4 f6 24. Bc3 Ra8 25. Qd2 b6 26. Bxe5 1-0

[Event "22nd ETCC Women 2019"]
[Site "Batumi"]
[Date "2019.10.28"]
[Round "5.19"]
[White "Cyfka, Karina"]
[Black "Skripchenko, Almira"]
[Result "1/2-1/2"]
[ECO "E16"]
[WhiteElo "2412"]
[BlackElo "2403"]
[Annotator "NA"]
[PlyCount "60"]
[EventDate "2019.10.24"]
[EventType "team-tourn"]
[EventCountry "GEO"]
[SourceTitle "playchess.com"]
[Source "ChessBase"]
[SourceQuality "1"]
[WhiteTeam "Poland"]
[BlackTeam "France"]
[WhiteTeamCountry "POL"]
[BlackTeamCountry "FRA"]
[TimeControl "40/5400+30:1800+30"]

1. d4 Nf6 2. c4 e6 3. Nf3 Bb4+ 4. Bd2 Qe7 5. g3 Nc6 6. e3 d5 7. Bg2 Bxd2+ 8. Nbxd2 dxc4 9. O-O e5 10. dxe5 Nxe5 11. Nxe5 Qxe5 12. Qa4+ Bd7 13. Qb4 Qb5 14. Qxb5 Bxb5 15. Rfc1 O-O-O 16. Nxc4 Bxc4 17. Rxc4 Rd2 18. Rac1 c6 19. b4 Kb8 20. a4 Rhd8 21. Bf3 a6 22. b5 axb5 23. axb5 cxb5 24. Rb4 Rc8 25. Rxc8+ Kxc8 26. Rxb5 Rd7 27. e4 Rc7 28. e5 Nd7 29. Bg4 Kd8 30. f4 Ke7 1/2-1/2

[Event "22nd ETCC Women 2019"]
[Site "Batumi"]
[Date "2019.10.28"]
[Round "5.20"]
[White "Navrotescu, Andreea-Cristiana"]
[Black "Sliwicka, Alicja"]
[Result "0-1"]
[ECO "A58"]
[WhiteElo "2241"]
[BlackElo "2307"]
[Annotator "NA"]
[PlyCount "88"]
[EventDate "2019.10.24"]
[EventType "team-tourn"]
[EventCountry "GEO"]
[SourceTitle "playchess.com"]
[Source "ChessBase"]
[SourceQuality "1"]
[WhiteTeam "France"]
[BlackTeam "Poland"]
[WhiteTeamCountry "FRA"]
[BlackTeamCountry "POL"]
[TimeControl "40/5400+30:1800+30"]

1. d4 Nf6 2. c4 c5 3. d5 b5 4. cxb5 a6 5. bxa6 g6 6. Nc3 Bg7 7. e4 O-O 8. e5 Ne8 9. h4 d6 10. e6 fxe6 11. Nf3 Nf6 12. Bc4 Nbd7 13. dxe6 Nb6 14. Bd3 Bxe6 15. Ng5 Qd7 16. Nxe6 Qxe6+ 17. Qe2 Qxe2+ 18. Bxe2 d5 19. a4 c4 20. a5 Rxa6 21. Ra3 Nbd7 22. b3 Ne5 23. f4 Nd3+ 24. Bxd3 cxd3 25. b4 Re6+ 26. Kf2 Rc8 27. Kf3 Ne4 28. Nb1 Rc2 29. Rxd3 Rf2+ 30. Kg4 Rxg2+ 31. Kh3 Ra2 32. Rf3 Nf2+ 33. Rxf2 Rxf2 34. Rd1 Ree2 35. Kg3 Rg2+ 36. Kf3 Ref2+ 37. Ke3 Ra2 38. Kf3 Rh2 39. Kg3 Rhc2 40. Be3 d4 41. Bxd4 Bxd4 42. Rxd4 Rcb2 43. Kf3 Rxb1 44. Ke3 Ra4 0-1

[Event "22nd ETCC Women 2019"]
[Site "Batumi"]
[Date "2019.10.28"]
[Round "5.20"]
[White "Polterauer, Chiara"]
[Black "Kyrkjebo, Marte B."]
[Result "1-0"]
[ECO "C44"]
[WhiteElo "2172"]
[BlackElo "1871"]
[Annotator "NA"]
[PlyCount "69"]
[EventDate "2019.10.24"]
[EventType "team-tourn"]
[EventCountry "GEO"]
[SourceTitle "playchess.com"]
[Source "ChessBase"]
[SourceQuality "1"]
[WhiteTeam "Austria"]
[BlackTeam "Norway"]
[WhiteTeamCountry "AUT"]
[BlackTeamCountry "NOR"]
[TimeControl "40/5400+30:1800+30"]

1. e4 e5 2. Nf3 Nc6 3. d4 exd4 4. Nxd4 Bb4+ 5. Nc3 Nf6 6. Nxc6 bxc6 7. Bd3 d5 8. exd5 cxd5 9. O-O O-O 10. h3 c6 11. Qf3 Be6 12. Ne2 Bd6 13. Bf4 Bxf4 14. Nxf4 Bd7 15. c4 Qa5 16. cxd5 cxd5 17. Rfd1 Bc6 18. Rac1 Rac8 19. a3 Qb6 20. b4 Rfd8 21. Nh5 Nxh5 22. Qxh5 g6 23. Qh4 Kg7 24. Rc5 Ba4 25. Rdc1 Qb7 26. Qd4+ Kg8 27. b5 Rxc5 28. Rxc5 Qb6 29. Qb4 a5 30. bxa6 Qxb4 31. axb4 Ra8 32. b5 Rb8 33. a7 Ra8 34. b6 Bd7 35. b7 1-0

[Event "22nd ETCC Women 2019"]
[Site "Batumi"]
[Date "2019.10.28"]
[Round "5.21"]
[White "Houska, Jovanka"]
[Black "Georgescu, Lena"]
[Result "1-0"]
[ECO "E15"]
[WhiteElo "2430"]
[BlackElo "2271"]
[Annotator "NA"]
[PlyCount "67"]
[EventDate "2019.10.24"]
[EventType "team-tourn"]
[EventCountry "GEO"]
[SourceTitle "playchess.com"]
[Source "ChessBase"]
[SourceQuality "1"]
[WhiteTeam "England"]
[BlackTeam "Switzerland"]
[WhiteTeamCountry "ENG"]
[BlackTeamCountry "SUI"]
[TimeControl "40/5400+30:1800+30"]

1. d4 Nf6 2. Nf3 e6 3. c4 b6 4. g3 Bb4+ 5. Bd2 Bxd2+ 6. Qxd2 Ba6 7. b3 O-O 8. Nc3 d5 9. Bg2 c5 10. Ne5 Nbd7 11. Nxd7 Qxd7 12. dxc5 bxc5 13. cxd5 exd5 14. Nxd5 Nxd5 15. Qxd5 Qe7 16. O-O Rad8 17. Qc6 Bxe2 18. Rfe1 Rc8 19. Qa4 Rfe8 20. Bf1 Qf6 21. Rac1 Qf3 22. Rxc5 Rcd8 23. Rcc1 h5 24. h4 Re6 25. Bxe2 Rxe2 26. Rxe2 Qxe2 27. Qxa7 Rd2 28. Qb8+ Kh7 29. Qf4 Rxa2 30. Qf5+ Kh6 31. Rc8 g6 32. Qf4+ Kg7 33. Qd4+ f6 34. Qd7+ 1-0

[Event "22nd ETCC Women 2019"]
[Site "Batumi"]
[Date "2019.10.28"]
[Round "5.21"]
[White "Vega Gutierrez, Sabrina"]
[Black "Batsiashvili, Nino"]
[Result "1/2-1/2"]
[ECO "C54"]
[WhiteElo "2395"]
[BlackElo "2422"]
[Annotator "NA"]
[PlyCount "84"]
[EventDate "2019.10.24"]
[EventType "team-tourn"]
[EventCountry "GEO"]
[SourceTitle "playchess.com"]
[Source "ChessBase"]
[SourceQuality "1"]
[WhiteTeam "Spain"]
[BlackTeam "Georgia"]
[WhiteTeamCountry "ESP"]
[BlackTeamCountry "GEO"]
[TimeControl "40/5400+30:1800+30"]

1. e4 e5 2. Nf3 Nc6 3. Bc4 Bc5 4. c3 Nf6 5. d3 d6 6. Bb3 a6 7. Nbd2 h6 8. Nf1 Be6 9. Ng3 O-O 10. O-O d5 11. d4 dxe4 12. Nxe5 Bxb3 13. axb3 Nxe5 14. dxe5 Qxd1 15. Rxd1 Ng4 16. Nxe4 Bb6 17. Bf4 Rae8 18. b4 Nxe5 19. Nc5 Bxc5 20. bxc5 c6 21. Kf1 f6 22. Rd4 Rf7 23. Re1 Rfe7 24. Bxe5 Rxe5 25. Rxe5 Rxe5 26. Rd7 Rxc5 27. Rxb7 Kh7 28. Rb6 a5 29. Ke2 Kg6 30. Kd3 Rd5+ 31. Ke3 Re5+ 32. Kf3 Rf5+ 33. Ke3 Re5+ 34. Kd3 Rd5+ 35. Kc2 Re5 36. Kd2 Rd5+ 37. Ke2 Re5+ 38. Kd1 Rc5 39. Kd2 h5 40. h4 Kf5 41. b4 axb4 42. Rxb4 Rd5+ 1/2-1/2

[Event "22nd ETCC Women 2019"]
[Site "Batumi"]
[Date "2019.10.28"]
[Round "5.22"]
[White "Khomeriki, Nino"]
[Black "Garcia Martin, Marta"]
[Result "0-1"]
[ECO "D38"]
[WhiteElo "2315"]
[BlackElo "2305"]
[Annotator "NA"]
[PlyCount "106"]
[EventDate "2019.10.24"]
[EventType "team-tourn"]
[EventCountry "GEO"]
[SourceTitle "playchess.com"]
[Source "ChessBase"]
[SourceQuality "1"]
[WhiteTeam "Georgia"]
[BlackTeam "Spain"]
[WhiteTeamCountry "GEO"]
[BlackTeamCountry "ESP"]
[TimeControl "40/5400+30:1800+30"]

1. d4 Nf6 2. c4 e6 3. Nf3 d5 4. Nc3 Bb4 5. Bg5 h6 6. Bxf6 Qxf6 7. Qa4+ Nc6 8. e3 O-O 9. Be2 dxc4 10. O-O Bd7 11. Bxc4 Bxc3 12. bxc3 Rfd8 13. Qc2 Na5 14. Bd3 c5 15. Ne5 Be8 16. Qe2 Rac8 17. f4 Qe7 18. Rf3 cxd4 19. exd4 Rc7 20. g4 Rxc3 21. Bh7+ Kxh7 22. Rxc3 Qd6 23. Rd1 f6 24. Nc4 Nxc4 25. Rxc4 Bc6 26. d5 Bxd5 27. Rcd4 Qb6 28. Qf2 Rc8 29. f5 Bxa2 30. g5 hxg5 31. h4 g4 32. h5 Bd5 33. h6 Rc3 34. Rxg4 Qxf2+ 35. Kxf2 Rf3+ 36. Kg1 Rxf5 37. Rxg7+ Kxh6 38. Rc7 a5 39. Ra1 Bc6 40. Kh2 a4 41. Kg3 Rf3+ 42. Kg4 f5+ 43. Kh4 Rf4+ 44. Kg3 Rg4+ 45. Kh3 Bg2+ 46. Kh2 Bd5 47. Rc5 Kg5 48. Ra3 Kf6 49. Kh3 Rb4 50. Ra1 Rb3+ 51. Kh2 a3 52. Ra5 Rb2+ 53. Kg3 a2 0-1

[Event "22nd ETCC Women 2019"]
[Site "Batumi"]
[Date "2019.10.28"]
[Round "5.22"]
[White "Heinatz, Gundula"]
[Black "Toma, Katarzyna"]
[Result "1/2-1/2"]
[ECO "A48"]
[WhiteElo "2175"]
[BlackElo "2272"]
[Annotator "NA"]
[PlyCount "86"]
[EventDate "2019.10.24"]
[EventType "team-tourn"]
[EventCountry "GEO"]
[SourceTitle "playchess.com"]
[Source "ChessBase"]
[SourceQuality "1"]
[WhiteTeam "Switzerland"]
[BlackTeam "England"]
[WhiteTeamCountry "SUI"]
[BlackTeamCountry "ENG"]
[TimeControl "40/5400+30:1800+30"]

1. d4 Nf6 2. Nf3 g6 3. Bg5 Bg7 4. Nbd2 O-O 5. c3 d6 6. e4 c5 7. Be2 cxd4 8. cxd4 d5 9. e5 Ne4 10. Be3 Nc6 11. O-O Be6 12. a3 f6 13. exf6 exf6 14. Bb5 Qd6 15. Bxc6 bxc6 16. Rc1 f5 17. Ne5 f4 18. Rxc6 Qe7 19. Nxe4 dxe4 20. Bd2 Bd5 21. Rc5 Rad8 22. Bb4 Qe6 23. Re1 f3 24. Rxd5 Qxd5 25. Bxf8 Bxe5 26. Be7 Rd7 27. Qc2 Rc7 28. Qa4 Bxh2+ 29. Kxh2 Rxe7 30. gxf3 Qh5+ 31. Kg1 Qxf3 32. Re3 Qg4+ 33. Rg3 Qf4 34. Qb3+ Kg7 35. Qe3 Qd6 36. b4 Qe6 37. Qc3 Rd7 38. d5+ Qf6 39. Qc6 Qd6 40. Re3 Qxd5 41. Qxd5 Rxd5 42. Rxe4 Kf6 43. Kg2 h5 1/2-1/2

[Event "22nd ETCC Women 2019"]
[Site "Batumi"]
[Date "2019.10.28"]
[Round "5.23"]
[White "Matnadze, Ana"]
[Black "Khukhashvili, Sopiko"]
[Result "0-1"]
[ECO "A06"]
[WhiteElo "2383"]
[BlackElo "2341"]
[Annotator "NA"]
[PlyCount "108"]
[EventDate "2019.10.24"]
[EventType "team-tourn"]
[EventCountry "GEO"]
[SourceTitle "playchess.com"]
[Source "ChessBase"]
[SourceQuality "1"]
[WhiteTeam "Spain"]
[BlackTeam "Georgia"]
[WhiteTeamCountry "ESP"]
[BlackTeamCountry "GEO"]
[TimeControl "40/5400+30:1800+30"]

1. Nf3 d5 2. b3 c5 3. Bb2 Nc6 4. g3 d4 5. Bg2 e5 6. O-O Be7 7. e4 Bg4 8. h3 Be6 9. d3 g5 10. Nh2 h5 11. f3 Bd6 12. Bc1 f6 13. Na3 Qd7 14. Nc4 Bc7 15. g4 Nge7 16. a4 Ng6 17. Rf2 O-O-O 18. a5 Bxc4 19. bxc4 Bxa5 20. gxh5 Nf4 21. Bxf4 exf4 22. Ng4 Qd6 23. Re2 Bc3 24. e5 fxe5 25. Rb1 Rxh5 26. Re4 Rh7 27. Qe2 Re7 28. h4 gxh4 29. Bh3 Kc7 30. Kh2 a6 31. Qf2 Rh8 32. Rg1 b5 33. Qf1 Bd2 34. Qb1 bxc4 35. Qa2 cxd3 36. cxd3 Ba5 37. Qc4 Kb6 38. Re2 Bb4 39. Nf2 Rd8 40. Bf5 Qd5 41. Qc2 Na5 42. Rg6+ Ka7 43. Ne4 c4 44. Nf6 Qb5 45. Reg2 Be1 46. Kh3 Bg3 47. Qa2 c3 48. Be4 Nb3 49. Qa3 Nc5 50. Ra2 Rd6 51. Rg8 Nxe4 52. Nxe4 Qd7+ 53. Rg4 Rc6 54. Nc5 Qd6 0-1

[Event "22nd ETCC Women 2019"]
[Site "Batumi"]
[Date "2019.10.28"]
[Round "5.24"]
[White "Gvetadze, Sofio"]
[Black "Calzetta Ruiz, Monica"]
[Result "1-0"]
[ECO "B50"]
[WhiteElo "2297"]
[BlackElo "2251"]
[Annotator "NA"]
[PlyCount "89"]
[EventDate "2019.10.24"]
[EventType "team-tourn"]
[EventCountry "GEO"]
[SourceTitle "playchess.com"]
[Source "ChessBase"]
[SourceQuality "1"]
[WhiteTeam "Georgia"]
[BlackTeam "Spain"]
[WhiteTeamCountry "GEO"]
[BlackTeamCountry "ESP"]
[TimeControl "40/5400+30:1800+30"]

1. e4 c5 2. Nf3 d6 3. c3 Nf6 4. Be2 Bd7 5. e5 dxe5 6. Nxe5 Nc6 7. d4 cxd4 8. cxd4 Nxe5 9. dxe5 Qa5+ 10. Nc3 Qxe5 11. O-O e6 12. Bf3 Qc7 13. Be3 Be7 14. Rc1 Qa5 15. Bxb7 Rb8 16. Qf3 O-O 17. Rc2 Rfd8 18. h3 h6 19. Rfc1 Nh7 20. Be4 Ng5 21. Qg3 Be8 22. Bf4 Rbc8 23. Bb7 Rc4 24. b3 Rxf4 25. Qxf4 Bd6 26. Qc4 Qe5 27. h4 Qh2+ 28. Kf1 Bf4 29. Rd1 Rxd1+ 30. Nxd1 Qh1+ 31. Ke2 Qxh4 32. Qc8 Kf8 33. Bc6 Qh5+ 34. f3 f5 35. Qxe8+ Qxe8 36. Bxe8 Kxe8 37. Rc8+ Ke7 38. Ra8 h5 39. Rxa7+ Kf6 40. Ne3 h4 41. a4 h3 42. gxh3 Nxh3 43. Rb7 Ng1+ 44. Kf2 Nh3+ 45. Kg2 1-0

[Event "22nd ETCC Women 2019"]
[Site "Batumi"]
[Date "2019.10.28"]
[Round "5.24"]
[White "Tamrazyan, Gohar"]
[Black "Bhatia, Kanwal K"]
[Result "0-1"]
[ECO "A05"]
[WhiteElo "1955"]
[BlackElo "2038"]
[Annotator "NA RC"]
[PlyCount "144"]
[EventDate "2019.10.24"]
[EventType "team-tourn"]
[EventCountry "GEO"]
[SourceTitle "playchess.com"]
[Source "ChessBase"]
[SourceQuality "1"]
[WhiteTeam "Switzerland"]
[BlackTeam "England"]
[WhiteTeamCountry "SUI"]
[BlackTeamCountry "ENG"]
[TimeControl "40/5400+30:1800+30"]

1. Nf3 Nf6 2. e3 g6 3. b4 Bg7 4. Bb2 O-O 5. c4 d6 6. Be2 e5 7. d3 Nbd7 8. Nbd2 Qe7 9. O-O Ne8 10. Qb3 Kh8 11. d4 e4 12. Ne1 f5 13. Nc2 Nef6 14. Na3 Rg8 15. Rac1 g5 16. c5 d5 17. Nb5 Nf8 18. f3 a6 19. Nc3 c6 20. fxe4 fxe4 21. Kf2 Qc7 22. Rh1 Ng4+ 23. Bxg4 Bxg4 24. Rcf1 Ne6 25. Ne2 Raf8+ 26. Ke1 Rf7 27. h3 Bxe2 28. Rxf7 Qxf7 29. Kxe2 Rf8 30. Rf1 Qh5+ 31. Ke1 Qh4+ 32. Ke2 Qg3 33. Rxf8+ Nxf8 34. Kf1 Ng6 35. Qd1 Qxe3 36. Qe2 Qf4+ 37. Qf2 e3 38. Qxf4 Nxf4 39. Nf3 e2+ 40. Kg1 Nd3 41. Bc3 Kg8 42. g4 h6 43. Kg2 Kf7 44. Kg3 Ke6 45. h4 e1=Q+ 46. Bxe1 Nxe1 47. Nxe1 Bxd4 48. hxg5 hxg5 49. Nd3 Bc3 50. Kf3 a5 51. a3 axb4 52. axb4 Kd7 53. Ke2 Kc7 54. Kd1 b6 55. Kc2 Bd4 56. Kb3 Kb7 57. Ka3 Ka6 58. Ka4 Be3 59. Ne5 bxc5 60. bxc5 Bxc5 61. Nxc6 Kb6 62. Ne5 Be3 63. Kb4 Bd2+ 64. Kb3 Kc5 65. Nf3 Be3 66. Kc3 d4+ 67. Kd3 Kd5 68. Ne1 Ke5 69. Ng2 Bg1 70. Ke2 Ke4 71. Kf1 d3 72. Ke1 Kf3 0-1

[Event "22nd ETCC Women 2019"]
[Site "Batumi"]
[Date "2019.10.28"]
[Round "5.25"]
[White "Peptan, Corina-Isabela"]
[Black "Unuk, Laura"]
[Result "1-0"]
[ECO "E12"]
[WhiteElo "2371"]
[BlackElo "2278"]
[Annotator "NA"]
[PlyCount "93"]
[EventDate "2019.10.24"]
[EventType "team-tourn"]
[EventCountry "GEO"]
[SourceTitle "playchess.com"]
[Source "ChessBase"]
[SourceQuality "1"]
[WhiteTeam "Romania"]
[BlackTeam "Slovenia"]
[WhiteTeamCountry "ROU"]
[BlackTeamCountry "SLO"]
[TimeControl "40/5400+30:1800+30"]

1. c4 Nf6 2. d4 e6 3. Nf3 b6 4. a3 Ba6 5. Qc2 d5 6. cxd5 exd5 7. g3 Bd6 8. Nc3 O-O 9. Bg2 Nbd7 10. Nh4 c5 11. Nf5 cxd4 12. Nxd4 Bc5 13. Qd1 Rc8 14. O-O Re8 15. Ncb5 Ne5 16. b4 Bxd4 17. Nxd4 Qd7 18. a4 Bc4 19. Re1 a6 20. h3 h6 21. Bb2 Ne4 22. Qb1 Qd6 23. b5 a5 24. f4 Nd7 25. Nf5 Qg6 26. g4 h5 27. Nxg7 hxg4 28. h4 Re7 29. h5 Qh7 30. h6 g3 31. Bxe4 dxe4 32. Ra3 Bd3 33. exd3 Qxh6 34. Re2 Qxf4 35. dxe4 Ne5 36. Nf5 Re6 37. Qf1 Qxf1+ 38. Kxf1 Rc4 39. Rxg3+ Ng6 40. Rh2 Kf8 41. Ba3+ Kg8 42. Nh6+ Kg7 43. Nf5+ Kg8 44. Bb2 Kf8 45. Rgh3 f6 46. Ba3+ Kg8 47. Rh7 1-0